 Dungeon Crawl Stone Soup version 0.19-a0 (webtiles) character file.

795 graki42 the Firebug (level 7, 31/36 HPs)
             Began as a Deep Elf Fire Elementalist on Apr 28, 2016.
             Quit the game on level 5 of the Dungeon.
             The game lasted 01:23:56 (5374 turns).

graki42 the Firebug (Deep Elf Fire Elementalist)    Turns: 5374, Time: 01:23:57

Health: 31/36      AC:  7    Str:  7    XL:     7   Next: 58%
Magic:  10/17      EV: 13    Int: 20    God:
Gold:   164        SH:  0    Dex: 15    Spells: 6 memorised, 1 level left

rFire  . . .     SeeInvis .     (no weapon)
rCold  + + .     Gourm    .     C - +2 leather armour {rC+}
rNeg   . . .     Faith    .     (no shield)
rPois  .         Spirit   .     (no helmet)
rElec  .         Dismiss  .     f - +0 cloak
rCorr  .         Reflect  .     (no gloves)
SustAt .         Harm     .     t - +0 pair of boots
MR     .....                    (no amulet)
Stlth  ++........               o - ring of wizardry
                                x - ring of protection from cold

@: not resistant to hostile enchantments, unstealthy
A: no striking features
a: no special abilities


You were on level 5 of the Dungeon.
You were very hungry.

You visited 1 branch of the dungeon, and saw 5 of its levels.
You also visited: Ossuary.

You collected 164 gold pieces.

Inventory:

Missiles
 k - 2 throwing nets (quivered)
Armour
 a - a +0 robe
 f - a +0 cloak (worn)
 t - a +0 pair of boots (worn)
 C - a +2 leather armour of cold resistance (worn)
Jewellery
 h - a +4 ring of strength
 l - an uncursed amulet of regeneration
 o - a ring of wizardry (right hand)
 x - a ring of protection from cold (left hand)
 E - an uncursed amulet of the gourmand
Wands
 p - a wand of slowing (12/48)
 y - a wand of confusion (15/48)
 A - a wand of disintegration (14/24)
Scrolls
 e - 5 scrolls of identify
 n - 5 scrolls of remove curse
 r - 2 scrolls of blinking {unknown}
 v - a scroll of random uselessness {unknown}
 F - a scroll of teleportation
Potions
 d - 3 potions of heal wounds {unknown}
 g - 4 potions of curing
 i - 2 potions of flight {unknown}
 j - 3 potions of might
 q - 3 potions of lignification
 u - a potion of cure mutation
 w - a potion of agility {unknown}
Books
 b - a book of Flames

   Spells                             Type                      Level
   a - Flame Tongue                   Conjuration/Fire             1
   b - Throw Flame                    Conjuration/Fire             2
   c - Conjure Flame                  Conjuration/Fire             3
   d - Inner Flame                    Hexes/Fire                   3
   e - Sticky Flame                   Conjuration/Fire             4
   f - Fireball                       Conjuration/Fire             5
 z - a book of the Sky

   Spells                             Type                      Level
   a - Summon Lightning Spire         Summoning/Air                4
   b - Airstrike                      Air                          4
   c - Silence                        Hexes/Air                    5
   d - Deflect Missiles               Charms/Air                   6
   e - Conjure Ball Lightning         Conjuration/Air              6
   f - Tornado                        Air                          9
 B - a book of Minor Magic

   Spells                             Type                      Level
   a - Magic Dart                     Conjuration                  1
   b - Blink                          Translocation                2
   c - Call Imp                       Summoning                    2
   d - Repel Missiles                 Charms/Air                   2
   e - Slow                           Hexes                        2
   f - Conjure Flame                  Conjuration/Fire             3
   g - Mephitic Cloud                 Conjuration/Poison/Air       3
Comestibles
 c - 6 bread rations
 m - 2 fruits
 s - 2 meat rations
 D - a slice of pizza


   Skills:
 + Level 0.2 Fighting
 + Level 3.7 Dodging
 + Level 3.6 Stealth
 + Level 0.1 Unarmed Combat
 + Level 5.7 Spellcasting
 * Level 5.0 Conjurations
 * Level 6.4 Fire Magic


You had one spell level left.
You knew the following spells:

 Your Spells              Type           Power        Failure   Level  Hunger
a - Flame Tongue          Conj/Fire      ####.        1%          1    None
b - Conjure Flame         Conj/Fire      ####....     2%          3    ##.....
c - Inner Flame           Hex/Fire       ###.....     6%          3    ##.....
d - Throw Flame           Conj/Fire      ####..       1%          2    None
e - Fireball              Conj/Fire      ####......   21%         5    #####..
f - Blink                 Tloc           N/A          12%         2    None


Dungeon Overview and Level Annotations

Branches:
Dungeon (5/15)
 Temple: D:4-7

Altars:
Elyvilon
Kikubaaqudgha
Makhleb
Okawaru
Sif Muna
Xom
Zin
The Shining One


Message History

You remove your +4 ring of strength.
You feel weaker.
x - a ring of protection from cold (left hand)
F - a glowing filigree amulet Put on which piece of jewellery? (? for menu, Esc to quit)
You remove your amulet of the gourmand.
Oops, that amulet feels deathly cold.
F - a cursed amulet of inaccuracy (around neck) Read which item? (? for menu, Esc to quit)
As you read the scroll of remove curse, it crumbles to dust.
You feel as if something is helping you.
Drop what? 32/52 slots (_ for help) (? for menu, Esc to quit)
You remove your amulet of inaccuracy.
You drop an uncursed amulet of inaccuracy.
Okay, then.
Casting: Flame Tongue
Confirm with . or Enter, or press ? or * to list all spells.
Okay, then.
F - a scroll of teleportation Are you sure you want to abandon this character and quit the game? (Confirm with "yes".)

##...##.# #...
##.....#.# #.##
#........## #..# ##
#.........#### ##..
#..###.......#....# ##.
#..........##....#####.
#....#...........#.....
#.."...............#
#..@..........#....#
##.......#....####.#
##.....##....# #..
##..........# ##.
#######..[.# ... #....#
##. $..... #. #####.. #


There were no monsters in sight!

Vanquished Creatures
  A sky beast (D:5)
  A phantom (D:5)
  An ogre (D:5)
  A water moccasin zombie (D:5)
  A giant frog zombie (D:5)
  2 human zombies (Ossuary)
  2 centaur zombies (Ossuary)
  A hound (D:5)
  An orc priest (D:4)
  Terence (D:2)
  A worker ant (D:4)
  A mummy (Ossuary)
  A worker ant zombie (D:5)
  2 gnolls (D:4)
  6 adders
  An adder zombie (Ossuary)
  An adder skeleton (D:4)
  A worm (D:4)
  A dart slug (D:2)
  4 giant geckos
  4 orcs (D:4)
  3 ball pythons
  4 bats
  5 giant cockroaches
  7 goblins
  10 hobgoblins
  6 jackals
  A quokka (D:4)
  A giant cockroach zombie (D:5)
  3 giant newts
  A goblin zombie (Ossuary)
  15 hobgoblin zombies
  4 kobolds
  6 kobold zombies (Ossuary)
  9 orc zombies (Ossuary)
  7 rats
  2 rat zombies (Ossuary)
119 creatures vanquished.

Notes
Turn   | Place    | Note
--------------------------------------------------------------
     0 | D:1      | graki42 the Deep Elf Fire Elementalist began the quest for the Orb.
     0 | D:1      | Reached XP level 1. HP: 10/10 MP: 6/6
   404 | D:1      | Reached XP level 2. HP: 15/15 MP: 6/8
   926 | D:1      | Reached XP level 3. HP: 18/19 MP: 5/9
   965 | D:2      | Reached skill level 4 in Fire Magic
  1403 | D:2      | Noticed Terence
  1417 | D:2      | Killed Terence
  1417 | D:2      | Reached XP level 4. HP: 6/24 MP: 0/11
  2040 | D:2      | Learned a level 3 spell: Conjure Flame
  2044 | D:2      | Learned a level 3 spell: Inner Flame
  2141 | D:2      | Found a deep blue altar of Sif Muna.
  2538 | D:3      | Found a glowing golden altar of the Shining One.
  2540 | D:3      | Found a white marble altar of Elyvilon.
  2541 | D:3      | Found a glowing silver altar of Zin.
  3421 | D:4      | Found an ancient bone altar of Kikubaaqudgha.
  3441 | D:4      | Found a sand-covered staircase.
  3453 | Ossuary  | Entered an ossuary
  3574 | Ossuary  | Reached XP level 5. HP: 24/28 MP: 2/12
  3792 | Ossuary  | Reached skill level 5 in Fire Magic
  3857 | Ossuary  | Reached XP level 6. HP: 13/32 MP: 2/14
  4116 | D:4      | Found a glowing golden altar of the Shining One.
  4541 | D:4      | Found an iron altar of Okawaru.
  4578 | D:4      | Found a shimmering altar of Xom.
  4579 | D:4      | Found a burning altar of Makhleb.
  4844 | D:5      | Entered Level 5 of the Dungeon
  4905 | D:5      | Reached skill level 5 in Spellcasting
  4909 | D:5      | Noticed an ice beast
  5005 | D:5      | Reached skill level 6 in Fire Magic
  5005 | D:5      | Reached XP level 7. HP: 34/36 MP: 9/16
  5201 | D:5      | Learned a level 5 spell: Fireball
  5205 | D:5      | Learned a level 2 spell: Throw Flame
  5211 | D:5      | Learned a level 5 spell: Fireball
  5214 | D:5      | Learned a level 2 spell: Blink
  5352 | D:5      | Reached skill level 5 in Conjurations
  5374 | D:5      | Quit the game

Vault maps used:
D:1:      lightli_arrival_isolated_outpost
D:2:      nicolae_overflow_crystal_walls, serial_bayou_lagoon_a, uniq_terence
D:3:      good_gods_temple_1
D:4:      grunt_temple_overflow_champion_of_chaos, kiku_gazebo_pond_becter,
          okawaru_altar_gauntlet_db, enter_ossuary_3, tso_altar
D:5:      first_bread
Ossuary:  ossuary_tomb_1

Skill      XL: |  1  2  3  4  5  6  7 |
---------------+----------------------+-----
Fire Magic     | 4 5 6 |  6.4
Conjurations   | 2 3 4 5 |  5.0
Dodging        | 3 |  3.7
Stealth        | 3 |  3.6
Spellcasting   | 4 5 |  5.7
Fighting       | |  0.2
Unarmed Combat | |  0.1

Action                   |  1- 3 |  4- 6 |  7- 9 || total
-------------------------+-------+-------+-------++-------
Melee: Unarmed           |     6 |    29 |       ||    35
 Cast: Flame Tongue      |    65 |   164 |    22 ||   251
       Conjure Flame     |       |     4 |     2 ||     6
  Use: Scroll            |       |    11 |     2 ||    13
       Potion            |       |     1 |       ||     1
 Stab: Sleeping          |     1 |     2 |       ||     3
  Eat: Chunk             |     1 |     5 |       ||     6
       Pizza             |       |     1 |       ||     1
       Meat ration       |       |     1 |       ||     1
Armor: Robe              |    15 |    17 |     1 ||    33
       Leather armour    |       |       |     2 ||     2
Dodge: Dodged            |    29 |    65 |     6 ||   100
